 Dungeon Crawl Stone Soup version 0.25-a0-2-g6559c6c67a (webtiles) character file.

Game seed: 15025450729132150896, levelgen mode: deterministic

1408 Ablot the Charmwright (level 8, -9/64 HPs)
             Began as a Gnoll Skald on Oct 13, 2019.
             Was a Follower of Okawaru.
             Mangled by an orc warrior
             ... wielding a +0 war axe
              (15 damage)
             ... on level 5 of the Dungeon on Oct 14, 2019.
             The game lasted 00:12:48 (4392 turns).

Ablot the Charmwright (Gnoll Skald)                 Turns: 4392, Time: 00:12:49

Health: -9/64      AC:  3    Str: 17    XL:     8   Next: 70%
Magic:  9/17       EV: 15    Int: 15    God:    Okawaru [*.....]
Gold:   260        SH:  0    Dex: 14    Spells: 7/19 levels left

rFire    . . .     SeeInvis .   a - +0 spear
rCold    . . .     Gourm    .   (no shield)
rNeg     . . .     Faith    .   b - +0 leather armour
rPois    .         Spirit   .   (no helmet)
rElec    .         Reflect  .   (no cloak)
rCorr    .         Harm     .   (no gloves)
MR       .....                  (no boots)
Stlth    ++........             (no amulet)
HPRegen  1.20/turn              (no ring)
MPRegen  0.15/turn              (no ring)

@: confusing touch, regenerating
A: distributed training, fangs 1, strong nose
a: Heroism, Renounce Religion


You were on level 5 of the Dungeon.
You worshipped Okawaru.
Okawaru was aware of your devotion.
You were hungry.

You visited 1 branch of the dungeon, and saw 6 of its levels.
You also visited: Sewer.

You collected 260 gold pieces.

Inventory:

Hand Weapons
 a - a +0 spear (weapon)
 s - a +0 dagger of holy wrath
Missiles
 c - 232 stones
 e - 30 poisoned darts (quivered)
 k - 21 bolts
 o - 37 arrows
Armour
 b - a +0 leather armour (worn)
Wands
 r - a wand of acid (4)
Scrolls
 h - 2 scrolls of magic mapping {unknown}
 i - a scroll of fear {unknown}
 j - 3 scrolls of remove curse
 l - 2 scrolls of random uselessness {unknown}
 m - 2 scrolls of identify
 n - 2 scrolls of teleportation
 t - a scroll of enchant weapon {unknown}
 x - a scroll of holy word {unknown}
Potions
 f - a potion of resistance {unknown}
 g - a potion of cancellation {unknown}
 p - 2 potions of invisibility
 q - 5 potions of curing
 u - a potion of heal wounds {unknown}
 v - 2 potions of flight
 w - 2 potions of haste
 z - a potion of magic {unknown}
Comestibles
 d - 8 rations


   Skills:
 + Level 5.8 Fighting
 + Level 3.4 Short Blades
 + Level 3.4 Long Blades
 + Level 3.4 Axes
 + Level 3.4 Maces & Flails
 + Level 5.8 Polearms
 + Level 3.4 Staves
 + Level 3.4 Slings
 + Level 3.4 Bows
 + Level 3.4 Crossbows
 + Level 3.4 Throwing
 + Level 4.3 Armour
 + Level 5.8 Dodging
 + Level 3.4 Stealth
 + Level 3.4 Shields
 + Level 3.4 Unarmed Combat
 + Level 6.1 Spellcasting
 + Level 2.8 Conjurations
 + Level 2.8 Hexes
 + Level 6.2 Charms
 + Level 2.8 Summonings
 + Level 2.8 Necromancy
 + Level 2.8 Translocations
 + Level 2.8 Transmutations
 + Level 2.8 Fire Magic
 + Level 2.8 Ice Magic
 + Level 2.8 Air Magic
 + Level 2.8 Earth Magic
 + Level 2.8 Poison Magic
 + Level 3.8 Invocations
 + Level 3.4 Evocations


You had 7 spell levels left.
You knew the following spells:

 Your Spells              Type           Power        Failure   Level  Hunger
a - Infusion              Chrm           ###.         1%          1    None
b - Song of Slaying       Chrm           ###.....     1%          2    #......
c - Shroud of Golubria    Chrm/Tloc      ###...       4%          2    #......
d - Regeneration          Chrm/Necr      ###.......   9%          3    ##.....
e - Spectral Weapon       Hex/Chrm       ###.....     9%          3    ##.....
f - Confusing Touch       Hex            ##....       5%          1    None

Your spell library contained the following spells:

 Spells                   Type           Power        Failure   Level  Hunger
 Animate Skeleton         Necr           N/A          5%          1    None
 Apportation              Tloc           ##....       5%          1    None
 Summon Small Mammal      Summ           ##..         5%          1    None


Dungeon Overview and Level Annotations

Branches:
Dungeon (6/15)              Sewer (visited)
 Temple: D:4-7

Altars:
Dithmenos
Gozag
Makhleb
Okawaru
Qazlal
Trog
Wu Jian
Zin


Innate Abilities, Weirdness & Mutations

Your experience applies equally to all skills.
You have very sharp teeth.
Your uncanny sense of smell can sniff out nearby items.


Message History

Casting: Confusing Touch (safe; 5% risk of failure)
Confirm with . or Enter, or press ? or * to list all spells.
Your skin crawls.
The orc warrior hits you with a +0 war axe.
* * * LOW HITPOINT WARNING * * *
The orc warrior hits your spectral weapon with a +0 war axe!
Your spectral weapon shares its damage with you!
Your spectral weapon fades away.
* * * LOW HITPOINT WARNING * * *
You hit the orc warrior but do no damage.
The orc warrior is heavily wounded.
Unknown command.
Casting: Regeneration (safe; 9% risk of failure)
Confirm with . or Enter, or press ? or * to list all spells.
Your hands begin to glow red.
The orc warrior misses you.
Unknown command.
You hit the orc warrior but do no damage.
The orc warrior is heavily wounded.
The orc warrior hits you with a +0 war axe!
You die...

.................................
......######.####.....##########.
......+.........+>....'......#...
......######.####....^######.#.##
......# #..# #..#.......#.#.#
......#######.###..#.#####.#.#.#
##'#...............#.# #.#.#.#
#.#.########......#.# #.#.#)#
#.#.# #..#@.##.# #.#.#.#
#.#[########..#o.##.# #.#.#.#
#.#...........#.....# #.#.#.#
##.###########.##.########.#.#.#
##...........................#.#
###############.#.###.####.#<#.#
......................####.#.#.#
###############.........##.#.#.#
### ##........##.#.#.#


You could see an orc warrior.

Vanquished Creatures
  A hippogriff (D:4)
  Duvessa (D:5)
  A sky beast (D:4)
  A big kobold (Sewer)
  3 bullfrogs
  Dowan (D:5)
  4 scorpions
  A crimson imp (D:5)
  4 orc priests
  A centaur skeleton (D:6)
  2 orc wizards
  2 iguanas
  2 worker ants
  A howler monkey zombie (D:5)
  A howler monkey skeleton (D:4)
  6 adders
  A river rat (Sewer)
  2 oozes
  5 worms
  2 dart slugs (D:1)
  3 leopard geckos
  9 orcs
  10 bats
  3 giant cockroaches
  6 goblins
  4 hobgoblins
  10 jackals
  4 quokkas
  A ball python (D:4)
  6 frilled lizards
  9 kobolds
  A leopard gecko zombie (D:5)
  A quokka skeleton (D:4)
  7 rats
116 creatures vanquished.

Vanquished Creatures (others)
  A spectral weapon (D:5)
1 creature vanquished.

Grand Total: 117 creatures vanquished

Notes
Turn   | Place    | Note
-------+----------+-------------------------------------------
     0 | D:1      | Ablot the Gnoll Skald began the quest for the Orb.
     0 | D:1      | Reached XP level 1. HP: 20/20 MP: 6/6
   102 | D:1      | Reached XP level 2. HP: 26/26 MP: 7/7
   106 | D:1      | Learned a level 2 spell: Song of Slaying
   109 | D:1      | Learned a level 2 spell: Shroud of Golubria
   417 | D:1      | Reached XP level 3. HP: 24/31 MP: 9/9
   425 | D:1      | Reached skill level 5 in Spellcasting
   484 | D:1      | Learned a level 3 spell: Regeneration
   488 | D:1      | Learned a level 3 spell: Spectral Weapon
   580 | D:2      | Reached skill level 1 in Invocations
   612 | D:2      | Found a bloodstained altar of Trog.
   787 | D:2      | Reached skill level 1 in Short Blades
   787 | D:2      | Reached skill level 1 in Long Blades
   787 | D:2      | Reached skill level 1 in Axes
   787 | D:2      | Reached skill level 1 in Maces & Flails
   787 | D:2      | Reached skill level 1 in Staves
   787 | D:2      | Reached skill level 1 in Slings
   787 | D:2      | Reached skill level 1 in Bows
   787 | D:2      | Reached skill level 1 in Crossbows
   787 | D:2      | Reached skill level 1 in Throwing
   787 | D:2      | Reached skill level 1 in Stealth
   787 | D:2      | Reached skill level 1 in Shields
   787 | D:2      | Reached skill level 1 in Unarmed Combat
   787 | D:2      | Reached skill level 1 in Evocations
  1078 | D:3      | Reached XP level 4. HP: 36/38 MP: 9/11
  1129 | D:3      | Found a shadowy altar of Dithmenos.
  1193 | D:2      | Found a burning altar of Makhleb.
  1242 | D:3      | Reached skill level 1 in Conjurations
  1242 | D:3      | Reached skill level 1 in Hexes
  1242 | D:3      | Reached skill level 1 in Summonings
  1242 | D:3      | Reached skill level 1 in Necromancy
  1242 | D:3      | Reached skill level 1 in Translocations
  1242 | D:3      | Reached skill level 1 in Transmutations
  1242 | D:3      | Reached skill level 1 in Fire Magic
  1242 | D:3      | Reached skill level 1 in Ice Magic
  1242 | D:3      | Reached skill level 1 in Air Magic
  1242 | D:3      | Reached skill level 1 in Earth Magic
  1242 | D:3      | Reached skill level 1 in Poison Magic
  1279 | D:3      | Reached XP level 5. HP: 35/43 MP: 2/12
  1398 | D:3      | Found an opulent altar of Gozag.
  1399 | D:3      | Found a glowing silver altar of Zin.
  1864 | D:4      | Reached XP level 6. HP: 33/50 MP: 2/13
  1907 | D:4      | Noticed a sky beast
  1907 | D:4      | Noticed a hippogriff
  2010 | D:4      | Reached skill level 5 in Fighting
  2010 | D:4      | Reached skill level 5 in Polearms
  2010 | D:4      | Reached skill level 5 in Dodging
  2114 | D:4      | Found a stormy altar of Qazlal.
  2194 | D:4      | Learned a level 1 spell: Confusing Touch
  2242 | D:4      | Found a glowing drain.
  2261 | Sewer    | Entered a sewer
  2336 | Sewer    | Reached XP level 7. HP: 54/56 MP: 4/15
  2361 | Sewer    | Found a white marble altar of Elyvilon.
  2734 | D:4      | Killed a hippogriff
  3005 | D:5      | Entered Level 5 of the Dungeon
  3147 | D:5      | Noticed Duvessa
  3266 | D:5      | Found an ornate altar of the Wu Jian Council.
  3285 | D:5      | Reached XP level 8. HP: 54/63 MP: 9/16
  3743 | D:5      | Found an iron altar of Okawaru.
  3746 | D:5      | Became a worshipper of Warmaster Okawaru
  3804 | D:5      | Noticed Dowan
  3831 | D:5      | Killed Duvessa
  3833 | D:5      | Killed Dowan
  4159 | D:6      | Reached * piety under Okawaru
  4389 | D:5      | HP: 3/64 [orc warrior/+0 war axe (1)]
  4392 | D:5      | Mangled by an orc warrior

Levels and vault maps discovered:
D:1:      minmay_arrival_loop, layout_rooms
D:2:      layout_rooms, overflow_temple_1_default,
          nicolae_overflow_hidden_temple, first_ration
D:3:      layout_basic, grunt_temple_overflow_gold_and_silver,
          grunt_dithmenos_smoke
D:4:      layout_cave_pods, nicolae_qazlal_eye_of_the_storm,
          cheibrodos_sewer_entry_bend, hangedman_abyss_or_decor_slice
D:5:      layout_basic, kennysheep_little_box, kennysheep_mini_moat,
          uniq_duvessa
D:6:      layout_rooms, minmay_temple_entry_glassed_door

Skill      XL: |  1  2  3  4  5  6  7  8 |
---------------+-------------------------+-----
Spellcasting   | 5 6 |  6.1
Invocations    | 1 2 3 |  3.8
Short Blades   | 1 2 3 |  3.4
Long Blades    | 1 2 3 |  3.4
Axes           | 1 2 3 |  3.4
Maces & Flails | 1 2 3 |  3.4
Staves         | 1 2 3 |  3.4
Slings         | 1 2 3 |  3.4
Bows           | 1 2 3 |  3.4
Crossbows      | 1 2 3 |  3.4
Throwing       | 1 2 3 |  3.4
Stealth        | 1 2 3 |  3.4
Shields        | 1 2 3 |  3.4
Unarmed Combat | 1 2 3 |  3.4
Evocations     | 1 2 3 |  3.4
Conjurations   | 1 2 |  2.8
Hexes          | 1 2 |  2.8
Summonings     | 1 2 |  2.8
Necromancy     | 1 2 |  2.8
Translocations | 1 2 |  2.8
Transmutations | 1 2 |  2.8
Fire Magic     | 1 2 |  2.8
Ice Magic      | 1 2 |  2.8
Air Magic      | 1 2 |  2.8
Earth Magic    | 1 2 |  2.8
Poison Magic   | 1 2 |  2.8
Armour         | 3 4 |  4.3
Fighting       | 5 |  5.8
Polearms       | 5 |  5.8
Dodging        | 5 |  5.8
Charms         | 6 |  6.2

Action                   |  1- 3 |  4- 6 |  7- 9 || total
-------------------------+-------+-------+-------++-------
Melee: Spear             |   144 |   175 |   167 ||   486
       Bite              |    10 |    10 |    22 ||    42
       Punch             |       |     1 |     1 ||     2
 Cast: Shroud of Golubri |     6 |    11 |    16 ||    33
       Infusion          |     2 |     5 |     8 ||    15
       Song of Slaying   |     1 |     5 |     2 ||     8
       Regeneration      |     1 |     1 |     3 ||     5
       Spectral Weapon   |       |     7 |     8 ||    15
       Confusing Touch   |       |       |     7 ||     7
  Use: Scroll            |       |     3 |     5 ||     8
       Potion            |       |       |     2 ||     2
 Stab: Sleeping          |     1 |     4 |     3 ||     8
       Confused          |       |       |     8 ||     8
  Eat: Chunk             |     1 |     5 |     7 ||    13
Armor: Leather armour    |    30 |    19 |     9 ||    58
Dodge: Dodged            |    77 |   102 |    61 ||   240

Table legend:
 A = Non-vault XP
 B = Vault XP
 C = Vault XP percentage of total XP
 D = Non-vault monster count
 E = Vault monster count
 F = Vault count percentage of total count
                 A         B        C        D         E       F
            +---------+---------+-------+---------+---------+-------
      Total |    1671 |     341 |  16.9 |     101 |      15 |  12.9
            +---------+---------+-------+---------+---------+-------
        D:1 |      41 |       0 |   0.0 |      20 |       0 |   0.0
        D:2 |      36 |       0 |   0.0 |      13 |       0 |   0.0
        D:3 |     138 |       0 |   0.0 |      30 |       0 |   0.0
        D:4 |     812 |      10 |   1.2 |      19 |       2 |   9.5
        D:5 |     226 |     219 |  49.2 |      10 |       2 |  16.7
        D:6 |     418 |       0 |   0.0 |       9 |       0 |   0.0
      Sewer |       0 |     112 | 100.0 |       0 |      11 | 100.0
            +---------+---------+-------+---------+---------+-------
